Blues vs Jets

Created - April 22, 2016 at 18:00

Goals
1 2 3 T
Blues 3 1 0 4
Jets 1 2 0 3
Shots
1 2 3 T
Blues 13 5 8 26
Jets 7 10 11 28

1st period

1. Blues , Clarke MacArthur 3 (Lee Stempniak, Johnny Boychuk) at 5:08
2. Blues , Matt Carle 1 (Mike Fisher, Mike Weaver) at 6:50
3. Blues , Rick Nash 9 (Marian Hossa, Johnny Boychuk) at 11:02
4. Jets , Nick Bonino 4 (Jason Zucker, Brent Seabrook) at 13:45

Penalties :
Lee Stempniak (STL) for Elbowing (Minor) at 17:31

2nd period

5. Jets , Nick Bonino 5 (Jason Zucker, Patrick Eaves) at 8:52
6. Blues , Johnny Boychuk 2 (Michael Raffl, Jussi Jokinen) at 11:42
7. Jets , Kyle Okposo 3 (Jamie Benn, Brent Seabrook) at 19:17 (PP)

Penalties :
Tyson Strachan (STL) for Charging (Double Minor) at 14:07, Johnny Boychuk (STL) for Cross-checking (Minor) at 14:16, Matt Irwin (STL) for Hooking (Minor) at 18:22, Matt Irwin (STL) for Hooking (Minor) at 19:24

3rd period

No Goal

Penalties :
Johnny Boychuk (STL) for Cross-checking (Minor) at 8:38

Goalie Stats

Antti Niemi (STL), 25 saves from 28 shots - (0.893), W, 5-1-0, 60:00 minutes
Reto Berra (WPG), 16 saves from 17 shots - (0.941), L, 0-1-0, 47:58 minutes
Cory Schneider (WPG), 6 saves from 9 shots - (0.667), 11:02 minutes

Players Stats for Blues

Player Name              G  A  P  +/- PIM S  H  SB GA TA FO     MP     PP MP  PK MP  
------------------------------------------------------------------------------------
Cal Clutterbuck          0  0  0   0  0   0  3  0  0  0  0/0     8:51   0:00   0:00 
Carl Gunnarsson          0  0  0   3  0   0  2  1  0  0  0/0    21:36   0:00   4:26 
Clarke MacArthur         1  0  1  -1  0   5  3  1  0  0  0/0    13:25   0:00   1:08 
Jay McClement            0  0  0  -1  0   1  0  0  0  0  9/20   16:22   0:00   4:17 
Jiri Hudler              0  0  0   1  0   2  0  0  0  0  8/19   14:29   0:00   0:00 
Joakim Andersson         0  0  0   0  0   1  0  0  0  0  3/8     8:51   0:00   0:00 
Johnny Boychuk           1  2  3   3  4   1  9  0  0  0  0/0    21:45   0:00   3:48 
Jussi Jokinen            0  1  1   2  0   2  0  1  0  0  0/0    13:44   0:00   0:00 
Lee Stempniak            0  1  1  -1  2   3  1  0  0  0  0/1    11:52   0:00   0:00 
Marian Hossa             0  1  1   1  0   1  0  2  0  0  1/2    19:56   0:00   5:15 
Matt Carle               1  0  1  -1  0   1  0  1  0  0  0/0    20:43   0:00   5:39 
Matt Irwin               0  0  0   0  4   0  0  1  0  0  0/0    18:39   0:00   1:34 
Michael Raffl            0  1  1   2  0   0  2  0  0  0  0/2    13:44   0:00   0:00 
Mike Fisher              0  1  1   2  0   5  2  1  0  0  9/19   19:24   0:00   5:28 
Mike Weaver              0  1  1  -1  0   0  0  1  0  0  0/0    18:54   0:00   4:50 
Rick Nash                1  0  1   1  0   2  1  0  0  0  1/1    18:31   0:00   4:35 
Rob Klinkhammer          0  0  0   0  0   1  1  0  0  0  0/3     9:00   0:00   0:00 
Tyson Strachan           0  0  0   0  4   1  4  1  0  0  0/0    17:18   0:00   0:24 

Players Stats for Jets

Player Name              G  A  P  +/- PIM S  H  SB GA TA FO     MP     PP MP  PK MP  
------------------------------------------------------------------------------------
Boyd Gordon              0  0  0   0  0   0  0  0  0  0  0/1     4:06   0:00   0:00 
Brad Marchand            0  0  0  -2  0   1  4  1  0  0  0/0    20:32   3:52   0:00 
Brent Seabrook           0  2  2  -2  0   1  0  1  0  0  0/0    22:15   3:50   0:00 
Brett Bellemore          0  0  0   1  0   1  1  0  0  0  0/0    13:46   2:04   0:00 
Brett Connolly           0  0  0   0  0   2  1  0  0  0  0/0     6:33   0:50   0:00 
Cam Atkinson             0  0  0  -1  0   3  4  0  0  0  0/1    21:40   4:32   0:00 
David Krejci             0  0  0  -1  0   0  0  0  0  0  17/27  21:50   4:42   0:00 
Dylan Olsen              0  0  0  -1  0   0  0  0  0  0  0/0    20:52   4:30   0:00 
Frans Nielsen            0  0  0   0  0   1  0  0  0  0  7/10    5:43   0:00   0:00 
Jamie Benn               0  1  1  -1  0   3  6  0  0  0  0/1    22:43   5:35   0:00 
Jason Zucker             0  2  2   1  0   1  3  1  0  0  0/0    12:29   1:14   0:00 
Joe Pavelski             0  0  0  -2  0   5  3  0  0  0  14/24  22:09   5:29   0:00 
Kyle Okposo              1  0  1  -2  0   2  0  0  0  0  0/1    22:09   5:29   0:00 
Nick Bonino              2  0  2   1  0   4  0  1  0  0  6/10    9:38   0:00   0:00 
Nicklas Grossmann        0  0  0   1  0   0  0  1  0  0  0/0    14:38   0:00   0:00 
Patrick Eaves            0  1  1   1  0   2  3  0  0  0  0/0    10:28   0:50   0:00 
Tobias Enstrom           0  0  0  -1  0   0  0  2  0  0  0/0    22:33   6:11   0:00 
Tyler Myers              0  0  0  -2  0   2  1  0  0  0  0/0    25:56   5:07   0:00 

3 Stars

1 - Johnny Boychuk (STL)
2 - Nick Bonino (WPG)
3 - Jason Zucker (WPG)

Power Play

Blues - 0 on 0 Attempt(s) - 0.00%
Jets - 1 on 7 Attempt(s) - 14.29%

Penalty Kill

Blues - 6 on 7 Attempt(s) - 85.71% - Score 0 goal in Penalty Kill
Jets - 0 on 0 Attempt(s) - 0.00% - Score 0 goal in Penalty Kill

Team Stat

Blues - Hits : 28 - Faceoff Wins : 31 - Blocked Shots : 10 - Penalty Minutes : 14
Jets - Hits : 26 - Faceoff Wins : 44 - Blocked Shots : 7 - Penalty Minutes : 0

Official

Referees : Chris Lee and Dave Jackson
Linesman : Andy McElman and Mike Cvik

Game Notes

Reto Berra enters game at 11:02 of 1st period
Boyd Gordon is injured at 11:32 of 3rd period (Sore Left Knee)
Rick Nash is injured at 16:26 of 3rd period (Left Hip)

Finance

Level 1 -- Attendance: 6000 (100.00%) -- Ticket Income $588,000
Level 2 -- Attendance: 5000 (100.00%) -- Ticket Income $385,000
Level 3 -- Attendance: 2200 (100.00%) -- Ticket Income $158,400
Level 4 -- Attendance: 1016 (100.00%) -- Ticket Income $67,056
Luxury Box -- Attendance: 800 (100.00%) -- Ticket Income $184,000
Game was played at the MTS Center.
Total Attendance: 15016 (100.00%)
Total Ticket Income: $1,382,456
Other Income: $207,368
Total Income: $1,589,824

% Time on Ice - Blues

Lines # - Real PCT - Wanted PCT - Time Play
Normal Forward
1 - 30% - 32% - 14:29
2 - 28% - 29% - 13:44
3 - 24% - 26% - 11:53
4 - 18% - 13% - 8:51
Normal Defense
1 - 35% - 35% - 17:10
2 - 27% - 33% - 13:24
3 - 35% - 32% - 16:55
4 - 3% - 0% - 1:28
PP Forward
1 - 0% - 51%
2 - 0% - 49%
PP Defense
1 - 0% - 62%
2 - 0% - 38%
PK Forward
1 - 48% - 50% - 4:17
2 - 52% - 50% - 4:35
PK Defense
1 - 66% - 51% - 5:51
2 - 34% - 49% - 3:01
PK3 Forward
1 - 55% - 51% - 1:06
2 - 45% - 49% - 0:53
PK3 Defense
1 - 39% - 51% - 0:46
2 - 61% - 49% - 1:13
44 Forward
1 - 0% - 51%
2 - 0% - 49%
44 Defense
1 - 0% - 51%
2 - 0% - 49%
Last Minute Offensive  - 0:00
Last Minute Defensive  - 0:12
Total
Forward - 60:00
Defense - 60:00

% Time on Ice - Jets

Lines # - Real PCT - Wanted PCT - Time Play
Normal Forward
1 - 34% - 35% - 16:40
2 - 35% - 35% - 17:08
3 - 20% - 20% - 9:38
4 - 12% - 10% - 5:43
Normal Defense
1 - 37% - 35% - 18:09
2 - 33% - 32% - 16:22
3 - 24% - 23% - 11:58
4 - 5% - 10% - 2:40
PP Forward
1 - 57% - 63% - 6:09
2 - 43% - 37% - 4:42
PP Defense
1 - 59% - 70% - 6:21
2 - 41% - 30% - 4:30
PK Forward
1 - 0% - 50%
2 - 0% - 50%
PK Defense
1 - 0% - 60%
2 - 0% - 40%
PK3 Forward
1 - 0% - 70%
2 - 0% - 30%
PK3 Defense
1 - 0% - 60%
2 - 0% - 40%
44 Forward
1 - 0% - 50%
2 - 0% - 50%
44 Defense
1 - 0% - 51%
2 - 0% - 49%
Last Minute Offensive  - 0:00
Last Minute Defensive  - 0:00
Total
Forward - 60:00
Defense - 60:00

Play by Play

1st period


0:01 of 1st period - Jiri Hudler wins face-off versus Joe Pavelski in neutral zone.
0:01 of 1st period - Marian Hossa is hit by Brad Marchand and loses puck.
0:16 of 1st period - Tyler Myers is hit by Rick Nash and loses puck.
0:22 of 1st period - Icing by Brent Seabrook.
0:23 of 1st period - Mike Fisher wins face-off versus Joe Pavelski in Jets zone.
0:31 of 1st period - Icing by Brad Marchand.
0:32 of 1st period - Joe Pavelski wins face-off versus Jay McClement in Jets zone.
1:07 of 1st period - Shot by Clarke MacArthur.
1:07 of 1st period - Stopped by Cory Schneider without a rebound.
1:08 of 1st period - David Krejci wins face-off versus Mike Fisher in Jets zone.
1:08 of 1st period - David Krejci is hit by Michael Raffl.
1:29 of 1st period - Icing by Dylan Olsen.
1:30 of 1st period - Joakim Andersson wins face-off versus David Krejci in Jets zone.
1:37 of 1st period - Shot by Joakim Andersson.
1:37 of 1st period - Shot Misses the Net.
1:39 of 1st period - Shot by Joakim Andersson.
1:39 of 1st period - Stopped by Cory Schneider without a rebound.
1:40 of 1st period - Nick Bonino wins face-off versus Jiri Hudler in Jets zone.
1:49 of 1st period - Shot by Jason Zucker.
1:49 of 1st period - Shot Misses the Net.
3:14 of 1st period - David Krejci is hit by Johnny Boychuk.
3:38 of 1st period - Shot by Cam Atkinson.
3:38 of 1st period - Shot Misses the Net.
3:42 of 1st period - Shot by Cam Atkinson.
3:42 of 1st period - Stopped by Antti Niemi without a rebound.
3:43 of 1st period - Frans Nielsen wins face-off versus Joakim Andersson in Blues zone.
4:19 of 1st period - Tyler Myers is hit by Tyson Strachan and loses puck.
4:31 of 1st period - Icing by Matt Irwin.
4:32 of 1st period - Joe Pavelski wins face-off versus Rob Klinkhammer in Blues zone.
4:57 of 1st period - Dylan Olsen is hit by Cal Clutterbuck and loses puck.
5:08 of 1st period - Shot by Lee Stempniak.
5:08 of 1st period - Deflect By Clarke MacArthur.
5:08 of 1st period - Goal by Clarke MacArthur - Blues : 1 - Jets : 0.
5:09 of 1st period - Jay McClement wins face-off versus David Krejci in neutral zone.
5:46 of 1st period - Shot by Clarke MacArthur.
5:46 of 1st period - Deflect By Lee Stempniak.
5:46 of 1st period - Stopped by Cory Schneider without a rebound.
5:47 of 1st period - Joe Pavelski wins face-off versus Jiri Hudler in Jets zone.
6:29 of 1st period - Marian Hossa is hit by Tyler Myers and loses puck.
6:48 of 1st period - Shot by Mike Fisher.
6:48 of 1st period - Shot Misses the Net.
6:50 of 1st period - Shot by Matt Carle.
6:50 of 1st period - Goal by Matt Carle - Blues : 2 - Jets : 0.
6:51 of 1st period - David Krejci wins face-off versus Jay McClement in neutral zone.
7:08 of 1st period - Shot by Lee Stempniak.
7:08 of 1st period - Stopped by Cory Schneider with a rebound.
7:48 of 1st period - Matt Irwin is hit by Jason Zucker.
8:22 of 1st period - Shot by Nick Bonino.
8:22 of 1st period - Stopped by Antti Niemi without a rebound.
8:23 of 1st period - Frans Nielsen wins face-off versus Jiri Hudler in Blues zone.
9:00 of 1st period - Shot by Frans Nielsen.
9:00 of 1st period - Shot Misses the Net.
9:30 of 1st period - Shot by Matt Carle.
9:30 of 1st period - Shot Misses the Net.
9:32 of 1st period - Shot by Mike Fisher.
9:32 of 1st period - Stopped by Cory Schneider without a rebound.
9:33 of 1st period - Mike Fisher wins face-off versus Joe Pavelski in Jets zone.
9:46 of 1st period - Jussi Jokinen is hit by Brad Marchand and loses puck.
10:03 of 1st period - Shot by Joe Pavelski.
10:03 of 1st period - Shot Blocked by Jussi Jokinen.
10:05 of 1st period - Shot by Nicklas Grossmann.
10:05 of 1st period - Shot Hit the Post.
10:07 of 1st period - Shot by Kyle Okposo.
10:07 of 1st period - Shot Misses the Net.
10:20 of 1st period - Icing by Michael Raffl.
10:21 of 1st period - David Krejci wins face-off versus Mike Fisher in Blues zone.
10:52 of 1st period - Shot by Clarke MacArthur.
10:52 of 1st period - Stopped by Cory Schneider without a rebound.
10:53 of 1st period - Jiri Hudler wins face-off versus Nick Bonino in Jets zone.
11:02 of 1st period - Shot by Rick Nash.
11:02 of 1st period - Goal by Rick Nash - Blues : 3 - Jets : 0.
11:02 of 1st period - Reto Berra enters game.
11:03 of 1st period - Joakim Andersson wins face-off versus Joe Pavelski in neutral zone.
12:43 of 1st period - Icing by Tobias Enstrom.
12:44 of 1st period - David Krejci wins face-off versus Mike Fisher in Jets zone.
12:46 of 1st period - Icing by Jamie Benn.
12:47 of 1st period - David Krejci wins face-off versus Lee Stempniak in Jets zone.
12:56 of 1st period - Shot by Jamie Benn.
12:56 of 1st period - Shot Misses the Net.
13:43 of 1st period - Shot by Jason Zucker.
13:43 of 1st period - Shot Blocked by Clarke MacArthur.
13:45 of 1st period - Shot by Nick Bonino.
13:45 of 1st period - Goal by Nick Bonino - Blues : 3 - Jets : 1.
13:46 of 1st period - Joe Pavelski wins face-off versus Mike Fisher in neutral zone.
13:48 of 1st period - Kyle Okposo is hit by Mike Fisher and loses puck.
13:59 of 1st period - Shot by Jussi Jokinen.
13:59 of 1st period - Deflect By Michael Raffl.
13:59 of 1st period - Shot Misses the Net.
14:23 of 1st period - Shot by Jussi Jokinen.
14:23 of 1st period - Stopped by Reto Berra without a rebound.
14:24 of 1st period - Rick Nash wins face-off versus Cam Atkinson in Jets zone.
14:37 of 1st period - Tyson Strachan is hit by Jamie Benn and loses puck.
15:35 of 1st period - Shot by Patrick Eaves.
15:35 of 1st period - Deflect By Jason Zucker.
15:35 of 1st period - Shot Blocked by Tyson Strachan.
15:53 of 1st period - Shot by Jason Zucker.
15:53 of 1st period - Stopped by Antti Niemi without a rebound.
15:54 of 1st period - Mike Fisher wins face-off versus Kyle Okposo in Blues zone.
16:03 of 1st period - Shot by Michael Raffl.
16:03 of 1st period - Shot Misses the Net.
16:05 of 1st period - Shot by Michael Raffl.
16:05 of 1st period - Shot Blocked by Nicklas Grossmann.
16:23 of 1st period - Shot by Jussi Jokinen.
16:23 of 1st period - Stopped by Reto Berra without a rebound.
16:24 of 1st period - David Krejci wins face-off versus Jay McClement in Jets zone.
16:24 of 1st period - David Krejci is hit by Clarke MacArthur.
16:27 of 1st period - Icing by Jamie Benn.
16:28 of 1st period - David Krejci wins face-off versus Jay McClement in Jets zone.
16:49 of 1st period - Shot by Cam Atkinson.
16:49 of 1st period - Stopped by Antti Niemi without a rebound.
16:50 of 1st period - Joe Pavelski wins face-off versus Mike Fisher in Blues zone.
16:50 of 1st period - Joe Pavelski is hit by Johnny Boychuk.
17:20 of 1st period - Shot by Mike Fisher.
17:20 of 1st period - Stopped by Reto Berra without a rebound.
17:21 of 1st period - Jay McClement wins face-off versus Frans Nielsen in Jets zone.
17:31 of 1st period - Minor Penalty to Lee Stempniak for Elbowing.
17:32 of 1st period - Jay McClement wins face-off versus Joe Pavelski in Blues zone.
17:32 of 1st period - Jay McClement is hit by Jamie Benn.
17:55 of 1st period - Shot by Tyler Myers.
17:55 of 1st period - Stopped by Antti Niemi without a rebound.
17:56 of 1st period - Jay McClement wins face-off versus David Krejci in Blues zone.
18:54 of 1st period - Joe Pavelski is hit by Johnny Boychuk and loses puck.
19:18 of 1st period - Icing by Joe Pavelski.
19:19 of 1st period - Mike Fisher wins face-off versus Jamie Benn in Jets zone.
19:33 of 1st period - Icing by Tyson Strachan.
19:34 of 1st period - Joakim Andersson wins face-off versus Nick Bonino in Blues zone.
19:41 of 1st period - Shot by Nick Bonino.
19:41 of 1st period - Stopped by Antti Niemi without a rebound.
19:42 of 1st period - Jay McClement wins face-off versus Nick Bonino in Blues zone.
19:42 of 1st period - Jay McClement is hit by Patrick Eaves.
19:56 of 1st period - Shot by Clarke MacArthur.
19:56 of 1st period - Stopped by Reto Berra without a rebound.
19:57 of 1st period - David Krejci wins face-off versus Jiri Hudler in Jets zone.
Goals for this period are 3 for Blues vs 1 for Jets.
Shots for this period are 13 for Blues vs 7 for Jets.

2nd period


0:01 of 2nd period - David Krejci wins face-off versus Jiri Hudler in neutral zone.
0:29 of 2nd period - Shot by Rick Nash.
0:29 of 2nd period - Shot Misses the Net.
1:24 of 2nd period - Shot by Joe Pavelski.
1:24 of 2nd period - Shot Misses the Net.
1:26 of 2nd period - Shot by Joe Pavelski.
1:26 of 2nd period - Stopped by Antti Niemi with a rebound.
1:32 of 2nd period - Shot by Joe Pavelski.
1:32 of 2nd period - Stopped by Antti Niemi with a rebound.
2:37 of 2nd period - Patrick Eaves is hit by Tyson Strachan and loses puck.
3:35 of 2nd period - Icing by Johnny Boychuk.
3:36 of 2nd period - Jiri Hudler wins face-off versus Boyd Gordon in Blues zone.
3:42 of 2nd period - Icing by Johnny Boychuk.
3:43 of 2nd period - Frans Nielsen wins face-off versus Jiri Hudler in Blues zone.
3:52 of 2nd period - Shot by Marian Hossa.
3:52 of 2nd period - Shot Misses the Net.
3:54 of 2nd period - Shot by Johnny Boychuk.
3:54 of 2nd period - Shot Misses the Net.
4:57 of 2nd period - Off-side.
4:58 of 2nd period - Joe Pavelski wins face-off versus Joakim Andersson in neutral zone.
5:15 of 2nd period - Shot by Brad Marchand.
5:15 of 2nd period - Shot Blocked by Matt Carle.
5:17 of 2nd period - Shot by Brett Bellemore.
5:17 of 2nd period - Stopped by Antti Niemi with a rebound.
5:19 of 2nd period - Shot by Joe Pavelski.
5:19 of 2nd period - Stopped by Antti Niemi without a rebound.
5:20 of 2nd period - Mike Fisher wins face-off versus Nick Bonino in Blues zone.
5:20 of 2nd period - Mike Fisher is hit by Patrick Eaves.
5:26 of 2nd period - Shot by Jussi Jokinen.
5:26 of 2nd period - Shot Misses the Net.
5:28 of 2nd period - Shot by Matt Irwin.
5:28 of 2nd period - Shot Misses the Net.
5:30 of 2nd period - Shot by Matt Irwin.
5:30 of 2nd period - Shot Blocked by Nick Bonino.
5:32 of 2nd period - Shot by Mike Fisher.
5:32 of 2nd period - Stopped by Reto Berra without a rebound.
5:33 of 2nd period - Joe Pavelski wins face-off versus Joakim Andersson in Jets zone.
6:12 of 2nd period - Icing by Tyson Strachan.
6:13 of 2nd period - David Krejci wins face-off versus Joakim Andersson in Blues zone.
6:41 of 2nd period - Tobias Enstrom is hit by Rob Klinkhammer and loses puck.
7:12 of 2nd period - Michael Raffl is hit by Cam Atkinson and loses puck.
7:41 of 2nd period - Carl Gunnarsson is hit by Brad Marchand and loses puck.
7:57 of 2nd period - Shot by Rick Nash.
7:57 of 2nd period - Shot Misses the Net.
8:48 of 2nd period - Shot by Patrick Eaves.
8:48 of 2nd period - Shot Misses the Net.
8:50 of 2nd period - Shot by Jason Zucker.
8:50 of 2nd period - Shot Misses the Net.
8:52 of 2nd period - Shot by Nick Bonino.
8:52 of 2nd period - Goal by Nick Bonino - Blues : 3 - Jets : 2.
8:53 of 2nd period - Mike Fisher wins face-off versus Frans Nielsen in neutral zone.
8:56 of 2nd period - Nicklas Grossmann is hit by Michael Raffl and loses puck.
9:20 of 2nd period - Shot by Mike Fisher.
9:20 of 2nd period - Stopped by Reto Berra without a rebound.
9:21 of 2nd period - David Krejci wins face-off versus Jay McClement in Jets zone.
9:21 of 2nd period - David Krejci is hit by Clarke MacArthur.
9:47 of 2nd period - Jamie Benn is hit by Johnny Boychuk and loses puck.
9:56 of 2nd period - Shot by Jamie Benn.
9:56 of 2nd period - Stopped by Antti Niemi without a rebound.
9:57 of 2nd period - Nick Bonino wins face-off versus Jiri Hudler in Blues zone.
10:11 of 2nd period - Off-side.
10:12 of 2nd period - Joe Pavelski wins face-off versus Michael Raffl in neutral zone.
10:14 of 2nd period - Kyle Okposo is hit by Tyson Strachan and loses puck.
10:20 of 2nd period - Matt Irwin is hit by Brad Marchand and loses puck.
10:32 of 2nd period - Shot by Tyson Strachan.
10:32 of 2nd period - Stopped by Reto Berra without a rebound.
10:33 of 2nd period - Jiri Hudler wins face-off versus David Krejci in Jets zone.
10:58 of 2nd period - Shot by Rick Nash.
10:58 of 2nd period - Shot Hit the Post.
11:34 of 2nd period - Shot by Mike Fisher.
11:34 of 2nd period - Stopped by Reto Berra with a rebound.
11:40 of 2nd period - Shot by Jussi Jokinen.
11:40 of 2nd period - Deflect By Michael Raffl.
11:40 of 2nd period - Shot Misses the Net.
11:42 of 2nd period - Shot by Johnny Boychuk.
11:42 of 2nd period - Goal by Johnny Boychuk - Blues : 4 - Jets : 2.
11:43 of 2nd period - Joe Pavelski wins face-off versus Jay McClement in neutral zone.
12:10 of 2nd period - Shot by Brad Marchand.
12:10 of 2nd period - Stopped by Antti Niemi without a rebound.
12:11 of 2nd period - Nick Bonino wins face-off versus Michael Raffl in Blues zone.
12:29 of 2nd period - Jussi Jokinen is hit by Brett Bellemore and loses puck.
13:23 of 2nd period - Shot by Kyle Okposo.
13:23 of 2nd period - Stopped by Antti Niemi without a rebound.
13:24 of 2nd period - Jay McClement wins face-off versus David Krejci in Blues zone.
13:24 of 2nd period - Jay McClement is hit by Cam Atkinson.
13:42 of 2nd period - Jay McClement is hit by Jamie Benn.
13:47 of 2nd period - David Krejci is hit by Clarke MacArthur and loses puck.
14:06 of 2nd period - David Krejci is hit by Tyson Strachan and loses puck.
14:07 of 2nd period - Double Minor Penalty to Tyson Strachan for Charging.
14:08 of 2nd period - Joe Pavelski wins face-off versus Mike Fisher in Blues zone.
14:08 of 2nd period - Joe Pavelski is hit by Johnny Boychuk.
14:16 of 2nd period - Minor Penalty to Johnny Boychuk for Cross-checking.
14:17 of 2nd period - Marian Hossa wins face-off versus Joe Pavelski in Blues zone.
14:46 of 2nd period - Shot by Joe Pavelski.
14:46 of 2nd period - Shot Blocked by Matt Irwin.
15:05 of 2nd period - Icing by Brent Seabrook.
15:06 of 2nd period - David Krejci wins face-off versus Marian Hossa in Jets zone.
15:11 of 2nd period - Mike Weaver is hit by Cam Atkinson and loses puck.
15:46 of 2nd period - Shot by David Krejci.
15:46 of 2nd period - Shot Misses the Net.
15:48 of 2nd period - Shot by Brent Seabrook.
15:48 of 2nd period - Shot Blocked by Marian Hossa.
16:20 of 2nd period - Shot by Kyle Okposo.
16:20 of 2nd period - Shot Misses the Net.
16:22 of 2nd period - Shot by Jamie Benn.
16:22 of 2nd period - Shot Blocked by Mike Fisher.
17:43 of 2nd period - Clarke MacArthur is hit by Jason Zucker and loses puck.
18:08 of 2nd period - Nicklas Grossmann is hit by Cal Clutterbuck and loses puck.
18:22 of 2nd period - Minor Penalty to Matt Irwin for Hooking.
18:23 of 2nd period - David Krejci wins face-off versus Mike Fisher in Blues zone.
19:17 of 2nd period - Shot by Kyle Okposo.
19:17 of 2nd period - Goal by Kyle Okposo - Blues : 4 - Jets : 3.
19:18 of 2nd period - Nick Bonino wins face-off versus Rob Klinkhammer in neutral zone.
19:24 of 2nd period - Minor Penalty to Matt Irwin for Hooking.
19:25 of 2nd period - Joe Pavelski wins face-off versus Jay McClement in Blues zone.
19:28 of 2nd period - Shot by Jamie Benn.
19:28 of 2nd period - Shot Misses the Net.
19:58 of 2nd period - Shot by Brent Seabrook.
19:58 of 2nd period - Stopped by Antti Niemi without a rebound.
19:59 of 2nd period - David Krejci wins face-off versus Jay McClement in Blues zone.
Goals for this period are 1 for Blues vs 2 for Jets.
Shots for this period are 5 for Blues vs 10 for Jets.

3rd period


0:01 of 3rd period - Jay McClement wins face-off versus Joe Pavelski in neutral zone.
0:01 of 3rd period - Marian Hossa is hit by Joe Pavelski and loses puck.
1:18 of 3rd period - Rick Nash is hit by Cam Atkinson and loses puck.
2:01 of 3rd period - Nick Bonino is hit by Cal Clutterbuck and loses puck.
2:32 of 3rd period - Frans Nielsen is hit by Johnny Boychuk and loses puck.
2:38 of 3rd period - Icing by Lee Stempniak.
2:39 of 3rd period - Jay McClement wins face-off versus Joe Pavelski in Blues zone.
2:44 of 3rd period - Shot by Lee Stempniak.
2:44 of 3rd period - Stopped by Reto Berra with a rebound.
2:46 of 3rd period - Shot by Jay McClement.
2:46 of 3rd period - Shot Blocked by Brad Marchand.
2:48 of 3rd period - Shot by Jay McClement.
2:48 of 3rd period - Stopped by Reto Berra without a rebound.
2:49 of 3rd period - David Krejci wins face-off versus Jiri Hudler in Jets zone.
3:03 of 3rd period - Shot by Jamie Benn.
3:03 of 3rd period - Shot Blocked by Marian Hossa.
3:12 of 3rd period - Off-side.
3:13 of 3rd period - Joe Pavelski wins face-off versus Mike Fisher in neutral zone.
3:26 of 3rd period - Shot by Joe Pavelski.
3:26 of 3rd period - Stopped by Antti Niemi without a rebound.
3:27 of 3rd period - Jiri Hudler wins face-off versus David Krejci in Blues zone.
3:27 of 3rd period - Jiri Hudler is hit by Jamie Benn.
3:42 of 3rd period - Icing by Cam Atkinson.
3:43 of 3rd period - Mike Fisher wins face-off versus David Krejci in Jets zone.
4:32 of 3rd period - Brad Marchand is hit by Carl Gunnarsson and loses puck.
4:37 of 3rd period - Shot by Joe Pavelski.
4:37 of 3rd period - Shot Misses the Net.
4:52 of 3rd period - Joe Pavelski is hit by Johnny Boychuk and loses puck.
4:58 of 3rd period - Kyle Okposo is hit by Johnny Boychuk and loses puck.
5:01 of 3rd period - Shot by Joe Pavelski.
5:01 of 3rd period - Stopped by Antti Niemi with a rebound.
5:25 of 3rd period - Carl Gunnarsson is hit by Jason Zucker and loses puck.
5:29 of 3rd period - Icing by Carl Gunnarsson.
5:30 of 3rd period - Frans Nielsen wins face-off versus Mike Fisher in Blues zone.
5:31 of 3rd period - Shot by Boyd Gordon.
5:31 of 3rd period - Shot Misses the Net.
5:33 of 3rd period - Shot by Nicklas Grossmann.
5:33 of 3rd period - Shot Blocked by Carl Gunnarsson.
5:35 of 3rd period - Shot by Brett Connolly.
5:35 of 3rd period - Stopped by Antti Niemi without a rebound.
5:36 of 3rd period - David Krejci wins face-off versus Jiri Hudler in Blues zone.
5:41 of 3rd period - Shot by Jamie Benn.
5:41 of 3rd period - Stopped by Antti Niemi with a rebound.
6:03 of 3rd period - Shot by Rick Nash.
6:03 of 3rd period - Stopped by Reto Berra without a rebound.
6:04 of 3rd period - Joe Pavelski wins face-off versus Jay McClement in Jets zone.
6:18 of 3rd period - Shot by Clarke MacArthur.
6:18 of 3rd period - Deflect By Lee Stempniak.
6:18 of 3rd period - Shot Misses the Net.
6:20 of 3rd period - Shot by Jay McClement.
6:20 of 3rd period - Shot Misses the Net.
6:46 of 3rd period - Shot by Clarke MacArthur.
6:46 of 3rd period - Shot Misses the Net.
7:25 of 3rd period - Shot by Marian Hossa.
7:25 of 3rd period - Shot Blocked by Brent Seabrook.
7:27 of 3rd period - Shot by Marian Hossa.
7:27 of 3rd period - Shot Misses the Net.
7:51 of 3rd period - Cal Clutterbuck is hit by Joe Pavelski and loses puck.
8:06 of 3rd period - Shot by Tobias Enstrom.
8:06 of 3rd period - Shot Misses the Net.
8:10 of 3rd period - Shot by Jamie Benn.
8:10 of 3rd period - Stopped by Antti Niemi with a rebound.
8:36 of 3rd period - Shot by Cam Atkinson.
8:36 of 3rd period - Stopped by Antti Niemi without a rebound.
8:37 of 3rd period - Nick Bonino wins face-off versus Jay McClement in Blues zone.
8:37 of 3rd period - Patrick Eaves is hit by Johnny Boychuk and loses puck.
8:38 of 3rd period - Minor Penalty to Johnny Boychuk for Cross-checking.
8:39 of 3rd period - David Krejci wins face-off versus Jay McClement in Blues zone.
10:28 of 3rd period - Shot by Tyler Myers.
10:28 of 3rd period - Stopped by Antti Niemi without a rebound.
10:29 of 3rd period - Jay McClement wins face-off versus David Krejci in Blues zone.
10:47 of 3rd period - Shot by Joakim Andersson.
10:47 of 3rd period - Shot Blocked by Jason Zucker.
10:49 of 3rd period - Shot by Carl Gunnarsson.
10:49 of 3rd period - Shot Misses the Net.
11:24 of 3rd period - Icing by Tyson Strachan.
11:25 of 3rd period - Mike Fisher wins face-off versus Frans Nielsen in Blues zone.
11:25 of 3rd period - Mike Fisher is hit by Brett Connolly.
11:31 of 3rd period - Boyd Gordon is hit by Mike Fisher and loses puck.
11:32 of 3rd period - Boyd Gordon from Jets is injured at 11:32 of 3rd period (Sore Left Knee).
11:33 of 3rd period - Jiri Hudler wins face-off versus Joe Pavelski in Jets zone.
11:38 of 3rd period - Shot by Jiri Hudler.
11:38 of 3rd period - Stopped by Reto Berra without a rebound.
11:39 of 3rd period - Jiri Hudler wins face-off versus Joe Pavelski in Jets zone.
12:56 of 3rd period - Shot by David Krejci.
12:56 of 3rd period - Shot Misses the Net.
13:29 of 3rd period - Matt Irwin is hit by Jamie Benn and loses puck.
13:52 of 3rd period - Jamie Benn is hit by Lee Stempniak and loses puck.
14:21 of 3rd period - Shot by Jason Zucker.
14:21 of 3rd period - Deflect By Patrick Eaves.
14:21 of 3rd period - Stopped by Antti Niemi with a rebound.
14:30 of 3rd period - Jussi Jokinen is hit by Patrick Eaves.
14:37 of 3rd period - Off-side.
14:38 of 3rd period - Joe Pavelski wins face-off versus Rob Klinkhammer in neutral zone.
14:45 of 3rd period - Tyson Strachan is hit by Joe Pavelski and loses puck.
14:56 of 3rd period - Shot by Rob Klinkhammer.
14:56 of 3rd period - Stopped by Reto Berra with a rebound.
14:58 of 3rd period - Shot by Joakim Andersson.
14:58 of 3rd period - Shot Blocked by Tobias Enstrom.
15:43 of 3rd period - Jason Zucker is hit by Carl Gunnarsson and loses puck.
15:46 of 3rd period - Shot by Nick Bonino.
15:46 of 3rd period - Shot Misses the Net.
15:54 of 3rd period - Shot by Nick Bonino.
15:54 of 3rd period - Deflect By Patrick Eaves.
15:54 of 3rd period - Stopped by Antti Niemi without a rebound.
15:55 of 3rd period - Frans Nielsen wins face-off versus Jiri Hudler in Blues zone.
16:02 of 3rd period - Shot by Frans Nielsen.
16:02 of 3rd period - Shot Blocked by Mike Weaver.
16:04 of 3rd period - Shot by Brent Seabrook.
16:04 of 3rd period - Shot Misses the Net.
16:06 of 3rd period - Shot by Brent Seabrook.
16:06 of 3rd period - Shot Misses the Net.
16:12 of 3rd period - Shot by Frans Nielsen.
16:12 of 3rd period - Stopped by Antti Niemi without a rebound.
16:13 of 3rd period - Frans Nielsen wins face-off versus Mike Fisher in Blues zone.
16:24 of 3rd period - Shot by Brett Connolly.
16:24 of 3rd period - Stopped by Antti Niemi without a rebound.
16:25 of 3rd period - Jiri Hudler wins face-off versus David Krejci in Blues zone.
16:25 of 3rd period - Rick Nash is hit by Jamie Benn and loses puck.
16:26 of 3rd period - Rick Nash from Blues is injured at 16:26 of 3rd period (Left Hip).
16:27 of 3rd period - Mike Fisher wins face-off versus David Krejci in Blues zone.
17:05 of 3rd period - Shot by Mike Fisher.
17:05 of 3rd period - Shot Blocked by Tobias Enstrom.
18:11 of 3rd period - Shot by Clarke MacArthur.
18:11 of 3rd period - Shot Misses the Net.
18:13 of 3rd period - Shot by Clarke MacArthur.
18:13 of 3rd period - Stopped by Reto Berra with a rebound.
18:15 of 3rd period - Shot by Lee Stempniak.
18:15 of 3rd period - Shot Misses the Net.
18:28 of 3rd period - Shot by Marian Hossa.
18:28 of 3rd period - Stopped by Reto Berra without a rebound.
18:29 of 3rd period - Nick Bonino wins face-off versus Jiri Hudler in Jets zone.
18:52 of 3rd period - Shot by Jiri Hudler.
18:52 of 3rd period - Stopped by Reto Berra without a rebound.
18:53 of 3rd period - Frans Nielsen wins face-off versus Joakim Andersson in Jets zone.
19:00 of 3rd period - Jets, Reto Berra is pulled from the net.
Goals for this period are 0 for Blues vs 0 for Jets.
Shots for this period are 8 for Blues vs 11 for Jets.